 Dungeon Crawl Stone Soup version 0.28-a0-1184-g53156a8862 (webtiles) character file.

Game seed: 4658427297464658185

508 ReploidZero the Magician (level 7, -1/45 HPs)
             Began as a Djinni Conjurer on Dec 17, 2021.
             Slain by a wight (16 damage)
             ... on level 4 of the Dungeon.
             The game lasted 00:11:36 (4736 turns).

ReploidZero the Magician (Djinni Conjurer)          Turns: 4736, Time: 00:11:37

Health: -1/45      AC:  3    Str:  6    XL:     7   Next: 42%
Gold:   185        EV: 12    Int: 21    God:
                   SH:  0    Dex: 12

rFire   + + .      SeeInvis .   m - +3 dagger
rCold   x . .      Faith    .   (no shield)
rNeg    . . .      Spirit   .   a - +0 robe
rPois   ∞          Reflect  .   (no helmet)
rElec   .          Harm     .   (no cloak)
rCorr   .          Rampage  .   s - +0 pair of gloves
Will    .....                   (boots unavailable)
Stlth   ++........              (no amulet)
HPRegen 0.15/turn               (no ring)
MPRegen 0.00/turn               (no ring)

@: flying, very slightly contaminated
A: sickness immunity, fire resistance 2, cold vulnerability 1, float, innate
caster, hp casting, extra vitality 1
a: no special abilities


You were on level 4 of the Dungeon.
You visited 1 branch of the dungeon, and saw 4 of its levels.

You collected 185 gold pieces.

Inventory:

Hand Weapons
 b - a +0 trident
 m - a +3 dagger (weapon)
Armour
 a - a +0 robe (worn)
 s - a +0 pair of gloves (worn)
Jewellery
 c - a ring of positive energy
 o - a ring of resist corrosion
Wands
 j - a wand of polymorph (9)
 q - a wand of paralysis (12)
Scrolls
 d - a scroll of silence {unknown}
 g - 2 scrolls of immolation {unknown}
 h - a scroll of magic mapping {unknown}
 i - 2 scrolls of identify {unknown}
 n - a scroll of noise {unknown}
 p - 4 scrolls of vulnerability {unknown}
Potions
 e - 2 potions of curing
 f - a potion of haste {unknown}
 k - a potion of berserk rage {unknown}
 l - a potion of mutation {unknown}
 r - a potion of flight {unknown}


   Skills:
 - Level 2.1 Dodging
 - Level 1.5 Stealth
 * Level 6.5 Spellcasting


You couldn't memorise any spells.
You knew the following spells:

 Your Spells              Type           Power      Damage    Failure   Level
a - Magic Dart            Conj           100%       1d8       1%          1
b - Searing Ray           Conj           68%        2d6       1%          2
c - Dazzling Flash        Conj/Hex       68%        N/A       1%          3
d - Fulminant Prism       Conj/Hex       17%        3d11      6%          4
e - Iskenderun's Mystic   Conj/Tloc      34%        2d8       6%          4
f - Freeze                Ice            100%       1d11      1%          1
g - Ensorcelled Hibernat  Hex/Ice        68%        N/A       1%          2
h - Portal Projectile     Hex/Tloc       68%        N/A       1%          3
Your spell library was empty.

Dungeon Overview and Level Annotations

Branches:
Dungeon (4/15)
 Temple: D:4-7

Altars:


Innate Abilities, Weirdness & Mutations

You are immune to sickness and miasma.
You are immune to poison.
Your flesh is very heat resistant. (rF++)
You are vulnerable to cold. (rC-)
You float through the air rather than walking.
You learn spells naturally, not from books.
Your magical power is your life essence.
You have superior vitality. (+4 HP)


Message History

The wight hits your fulminant prism with a +1 hand axe!
Your fulminant prism explodes!
The blast of energy engulfs the wight!
The wight is almost destroyed.
The blast of energy engulfs the wight.
The wight is almost destroyed.
Unknown command.
Casting: Fulminant Prism (dangerous; 7% risk of failure)
Confirm with . or Enter, or press ? or * to list all spells.
You erupt in a blast of force!
The mystic blast hits the orc!
You kill the orc!
The mystic blast hits the giant cockroach!
You kill the giant cockroach!
Unknown command.
Casting: Iskenderun's Mystic Blast (dangerous; 7% risk of failure)
Confirm with . or Enter, or press ? or * to list all spells.
You erupt in a blast of force!
The mystic blast hits the wight.
You destroy the wight!
The mystic blast hits the hobgoblin.
You kill the hobgoblin!
Unknown command.
Casting: Iskenderun's Mystic Blast (dangerous; 7% risk of failure)
Confirm with . or Enter, or press ? or * to list all spells.
You erupt in a blast of force!
The mystic blast hits the wight.
The wight is lightly damaged.
The wight is knocked back by the mystic blast.
The wight collides with the wight!
The wight is lightly damaged.
The wight is heavily damaged.
The mystic blast hits the wight!
You destroy the wight!
Casting: Iskenderun's Mystic Blast (dangerous; 6% risk of failure)
Confirm with . or Enter, or press ? or * to list all spells.
You erupt in a blast of force!
The mystic blast hits the wight!
The wight is severely damaged.
The wight is knocked back by the mystic blast.
The mystic blast hits the wight but does no damage.
The wight is heavily damaged.
The wight hits you with a +4 battleaxe!
You die...

..#.# ....## # #.#.# ....#
#. ..#.# ...## #.# #... ...
# ...#..# #.###.### #.#..#
###........ #....#
######.......#.. #.#..#
#....†..).#.)# .. #.######
#..@z)....# .... #.
#..)...###....).......... .
#.####..........z#.#..##.
#.......#####.>.....#...>..
.....(##.# #...........##..
##....# # #.......##### ?
#.##.# ##........# .. ...
#.#.##.#.# ## #.#
#.#.##.#.#


You could see 2 wights.

Vanquished Creatures
  A water moccasin (D:3)
  A phantom (D:4)
  3 wights (D:4)
  Terence (D:2)
  An orc wizard (D:3)
  Robin (D:3)
  4 adders
  A worm (D:3)
  4 dart slugs
  9 orcs
  4 ball pythons
  3 endoplasms
  4 giant cockroaches
  6 goblins
  13 hobgoblins
  3 quokkas
  9 bats
  5 frilled lizards
  8 kobolds
  6 rats
87 creatures vanquished.

Vanquished Creatures (others)
  5 fulminant prisms
5 creatures vanquished.

Grand Total: 92 creatures vanquished

Notes
Turn   | Place    | Note
-------+----------+-------------------------------------------
     0 | D:1      | ReploidZero the Djinni Conjurer began the quest for the
                  | Orb.
     0 | D:1      | Reached XP level 1. HP: 15/15 MP: 0/0
   244 | D:1      | Reached XP level 2. HP: 21/21 MP: 0/0
   649 | D:1      | Reached XP level 3. HP: 24/25 MP: 0/0
   649 | D:1      | Learned a level 1 spell: Freeze
   747 | D:1      | You are sucked into a shaft and drop 1 floor!
   862 | D:1      | Reached skill level 4 in Spellcasting
  1505 | D:2      | Found a faded altar of an unknown god.
  1550 | D:2      | Reached XP level 4. HP: 28/31 MP: 0/0
  1611 | D:2      | Noticed Terence
  1650 | D:2      | Killed Terence
  2505 | D:3      | Noticed Robin
  2530 | D:3      | Noticed a water moccasin
  2886 | D:3      | Reached XP level 5. HP: 31/35 MP: 0/0
  2886 | D:3      | Learned a level 2 spell: Ensorcelled Hibernation
  3283 | D:3      | Reached skill level 5 in Spellcasting
  3359 | D:3      | Killed a water moccasin
  3360 | D:3      | Reached XP level 6. HP: 9/40 MP: 0/0
  3812 | D:3      | Killed Robin
  4500 | D:4      | Reached skill level 6 in Spellcasting
  4500 | D:4      | Reached XP level 7. HP: 13/45 MP: 0/0
  4500 | D:4      | Learned a level 3 spell: Portal Projectile
  4736 | D:4      | Slain by a wight

Illustrated notes

Levels and vault maps discovered:
D:1:      saegor_arrival_simple_d, layout_basic
D:2:      layout_basic, shapermc_ecumenical_altar_notcrosses, uniq_terence
D:3:      layout_loops_cross, minmay_fractal_squares_diagonal_5, uniq_robin
D:4:      layout_loops_cross, hangedman_abyss_or_decor_stabs,
          minmay_tree_intersection

Skill      XL: |  1  2  3  4  5  6 |
---------------+-------------------+-----
Spellcasting   | 4 5 6 |  6.5
Dodging        | |  2.1
Stealth        | |  1.5

Action                   |  1- 3 |  4- 6 |  7- 9 || total
-------------------------+-------+-------+-------++-------
Melee: Trident           |    13 |    18 |       ||    31
       Dagger            |       |    24 |       ||    24
 Cast: Magic Dart        |    60 |    73 |     1 ||   134
       Dazzling Flash    |       |     4 |       ||     4
       Freeze            |       |     7 |       ||     7
       Searing Ray       |       |     6 |       ||     6
       Fulminant Prism   |       |     3 |     2 ||     5
       Ensorcelled Hiber |       |     6 |       ||     6
       Iskenderun's Myst |       |     1 |     5 ||     6
Evoke: Wand              |       |     1 |       ||     1
  Use: Scroll            |     1 |     1 |       ||     2
       Potion            |       |     3 |       ||     3
 Stab: Sleeping          |     1 |     2 |       ||     3
       Invisible         |       |     1 |       ||     1
       Paralysed         |       |     3 |       ||     3
Armor: Robe              |     2 |    12 |       ||    14
Dodge: Dodged            |     8 |    52 |       ||    60

Table legend: (Time is in decaauts)
 A = Elapsed time spent in this place.
 B = Non-inter-level travel time spent in this place.
 C = Inter-level travel time spent in this place.
 D = Time resting spent in this place.
 E = Time spent auto-exploring this place.
 F = Levels seen in this place.
 G = Mean time per level.
                   A        B        C        D        E       F      G
               +--------+--------+--------+--------+--------+-----+--------+
         Total |   4738 |   4620 |    118 |      0 |   4060 |   4 | 1184.5 |
       Dungeon |   4738 |   4620 |    118 |      0 |   4060 |   4 | 1184.5 |
               +--------+--------+--------+--------+--------+-----+--------+

Top non-repeatable levels by time:
     D:3: 1669 daAuts
     D:2: 1379 daAuts
     D:1: 1213 daAuts
     D:4: 475 daAuts
